cohdb
Replays
Latest Replays
All Replays
Popular Replays
Top Player Replays
Match Explorer
How It Works
Community
CoH3 Stats
Reddit
Sign in to upload your games and track your stats! →
Sign in with Steam
Match 41996321
Unlisted
Match 41996321
Overview
Messages
Build Orders
End
Selects Italian Infantry
250 Light Carrier
Panzergrenadier Squad
Construct Light Support Kompanie
Panzergrenadier Squad
Assault Grenadier Squad
Assault Grenadier Squad
2.5-tonne Medical Truck
Selects Guastatori Squad
Selects Registered Artillery
Construct Mechanized Kompanie
chmod 777
clemenzo
Nashorn101
Niss
Onmyouji
Rurutia
0
0
Comments
sign in to comment!
No comments posted yet!